 Dungeon Crawl Stone Soup version 0.31.0-32-g396128a36d (webtiles) character file.

Game seed: 9574774898680102972

752 GigaNiga123 the Covert (level 7, -4/33 HPs)
             Began as a Felid Wanderer on Mar 12, 2024.
             Slain by Dowan the human
             ... wielding a +0 dagger
              (7 damage)
             ... on level 4 of the Dungeon on Mar 13, 2024.
             The game lasted 00:49:11 (4172 turns).

GigaNiga123 the Covert (Felid Wanderer)             Turns: 4172, Time: 00:49:11

Health: -4/33      AC:  2    Str:  9    XL:     7   Next: 49%
Magic:  9/9        EV: 18    Int: 14    God:
Gold:   256        SH:  0    Dex: 18    Spells: 4/8 levels left
                                        Lives:  0   Deaths: 3

rFire   . .          .
                       - Unarmed
rCold   . . .        (shield unavailable)
rNeg    . . .        (body armour unavailable)
rPois   .            (helmet unavailable)
rElec   .            (cloak unavailable)
rCorr   .            (gloves unavailable)
SInv    +            (boots unavailable)
Will    +....        (no amulet)
Stlth   ++++         (no ring)
HPRegen 0.25/turn    (no ring)
MPRegen 0.11/turn

%: no passive effects
@: no status effects
A: very small, claws 1, fangs 3, see invisible, shaggy fur 2, stealthy paws, no
weapons or thrown items, no armour, multi-lived
a: no special abilities


You were on level 4 of the Dungeon.
You visited 1 branch of the dungeon, and saw 4 of its levels.

You collected 256 gold pieces.

Inventory:

Hand Weapons
 d - a +1 short sword of speed
 h - a +4 quarterstaff of chaos
 i - a +2 hammer of pain
 k - a +0 antimagic scythe
Missiles
 c - 3 poisoned darts
 j - 4 javelins
Armour
 e - the +1 ring mail "Fimemuy" {rN++ SInv}
   (You found it on level 2 of the Dungeon)

   rN++:      It greatly protects you from negative energy.
   SInv:      It lets you see invisible.
 l - a +2 robe
Scrolls
 b - a scroll of enchant weapon


   Skills:
 + Level 1.1 Fighting
 + Level 3.1 Dodging
 + Level 8.8 Stealth
 + Level 6.1 Unarmed Combat
 + Level 1.0 Spellcasting
 + Level 1.5 Hexes
 + Level 1.0 Invocations
 + Level 2.6 Evocations


You had 4 spell levels left.
You knew the following spells:

 Your Spells              Type           Power      Damage    Failure   Level
a - Jinxbite              Hex            8%         N/A       22%         2
b - Lesser Beckoning      Tloc           0%         N/A       36%         2

Your spell library contained the following spells:

 Spells                   Type           Power      Damage    Failure   Level
 Ensorcelled Hibernation  Hex/Ice        4%         N/A       28%         2
 Cigotuvi's Dreadful Rot  Necr/Alch/Air  0%         N/A       36%         2
 Inner Flame              Hex/Fire       2%         N/A       50%         3
 Gell's Gravitas          Tloc           0%         N/A       61%         3
 Teleport Other           Tloc           0%         N/A       61%         3
 Flame Wave               Conj/Fire      0%         2d4       95%         4
 Ignite Poison            Fire/Alch      0%         N/A       95%         4
 Sticky Flame             Fire/Alch      0%         2d4       95%         4
 Freezing Cloud           Conj/Ice/Air   0%         6-21      100%        5


Dungeon Overview and Level Annotations

Branches:
Dungeon (4/15)
 Temple: D:4-7

Altars:
Dithmenos

Annotations:
D:4 Dowan


Innate Abilities, Weirdness & Mutations

You have sharp claws.
You have razor-sharp teeth.
You have supernaturally acute eyesight. (SInv)
You are covered in thick fur. (AC +2)
Your paws help you pounce on unaware monsters.
You are incapable of wielding weapons or throwing items.
You cannot wear armour.
You gain extra lives every three experience levels.


Message History

Duvessa closely misses you. Duvessa kicks you but does no damage.
You barely miss Duvessa.
Duvessa is almost dead.
Duvessa closely misses you. Duvessa completely misses you.
You barely miss Duvessa.
Duvessa is almost dead.
Duvessa misses you. Duvessa completely misses you.
You barely miss Duvessa.
Duvessa is almost dead.
Duvessa closely misses you. Duvessa barely misses you. x2
Duvessa closely misses you.
You scratch Duvessa but do no damage.
Duvessa is almost dead.
Duvessa barely misses you. Duvessa kicks you.
You scratch Duvessa.
You kill Duvessa!
You hear a distant wail of despair.
Duvessa returns to her original shape as she dies.
Your Dodging skill increases to level 3!
Things that are here:
a +0 short sword; the elf corpse of Duvessa You start resting.
Dowan is nearby!
Dowan seems to find hidden reserves of power!
Dowan attacks as it pursues you! Dowan misses you.
You barely miss Dowan. Dowan misses you.
You scratch Dowan but do no damage. Dowan hits you with a +0 dagger.
Dowan hits you with a +0 dagger!
* * * LOW HITPOINT WARNING * * *
You scratch Dowan.
Dowan is lightly wounded.
Dowan hits you with a +0 dagger!
* * * LOW HITPOINT WARNING * * *
You barely miss Dowan.
Dowan is lightly wounded.
Dowan says, "How can I live without her?"
Dowan closely misses you.
Dowan says, "Her death will not be in vain!"
Dowan hits you with a +0 dagger!
You die...

#....###...## ###..#..# #
#....####[########.#..####
######.#......)......#......
+....).#.............#.####.
########..p..........#.....#
#.########'#####..... #..###
##[.[## ####.. #..p.###.....##
#.> #...@##......)# #..
#.....#[.)....# #.. ##
##....#......(# #.. .#
#....##).)..## #.. ######
###..###[..#######.. .....#
##.#########..##.. .PPP.#
#..........#..##..
.P...###########.########.#<.##..
.P._.#.........[.# #.# #.##.##..


You could see Dowan the human (fast).

Vanquished Creatures
  An ogre (D:4)
  A centaur (D:4)
  A bullfrog (D:4)
  A scorpion (D:4)
  A howler monkey (D:4)
  A jelly (D:4)
  A hound (D:4)
  Crazy Yiuf (D:2)
  2 orc priests
  A sleepcap (D:4)
  Ijyb (D:4)
  Terence (D:3)
  3 orc wizards (D:4)
  3 adders
  4 dart slugs
  14 orcs
  5 ball pythons
  6 endoplasms
  4 giant cockroaches
  5 goblins
  10 hobgoblins
  4 jackals (D:3)
  5 kobolds
  4 quokkas
  3 bats (D:1)
  2 frilled lizards
  6 rats
91 creatures vanquished.

Notes
Turn   | Place    | Note
-------+----------+-------------------------------------------
     0 | D:1      | GigaNiga123 the Felid Wanderer began the quest for the Orb.
     0 | D:1      | GigaNiga123 set off with the following items: 2 scrolls of
                  | blinking, a scroll of fear; and the following spells
                  | available to memorise: Jinxbite, Ensorcelled Hibernation.
     0 | D:1      | Reached XP level 1. HP: 9/9 MP: 3/3
   202 | D:1      | Reached skill level 6 in Stealth
   202 | D:1      | Reached XP level 2. HP: 13/13 MP: 4/4
   509 | D:1      | Learned a level 2 spell: Jinxbite
   992 | D:2      | Identified the +1 ring mail "Fimemuy" {rN++ SInv}
  1046 | D:2      | Reached XP level 3. HP: 12/16 MP: 5/5
  1147 | D:2      | Found a runed translucent door.
  1148 | D:2      | Noticed Crazy Yiuf
  1157 | D:2      | Killed Crazy Yiuf
  1649 | D:2      | Reached skill level 7 in Stealth
  1649 | D:2      | Reached XP level 4. HP: 19/21 MP: 6/6
  1649 | D:2      | Gained a life (2 lives remaining)
  1795 | D:3      | Reached skill level 1 in Dodging
  1806 | D:3      | Learned a level 2 spell: Lesser Beckoning
  2061 | D:3      | HP: 1/21 [orc priest/divine providence (12)]
  2063 | D:3      | Slain by an orc priest
  2063 | D:3      | Lost a life (1 life remaining)
  2168 | D:3      | Noticed Terence
  2208 | D:3      | Slain by a gnoll
  2208 | D:3      | Lost a life (0 lives remaining)
  2657 | D:3      | Killed Terence
  2658 | D:3      | Reached XP level 5. HP: 16/24 MP: 7/7
  2694 | D:4      | Noticed an ogre
  2718 | D:4      | Noticed Ijyb
  2727 | D:4      | Killed Ijyb
  2816 | D:4      | Noticed Sigmund
  2817 | D:4      | Sigmund changed into Sigmund the bullfrog
  2817 | D:4      | Noticed Sigmund
  2830 | D:4      | Killed Sigmund the bullfrog
  2831 | D:4      | Reached skill level 8 in Stealth
  2831 | D:4      | Reached skill level 5 in Unarmed Combat
  2831 | D:4      | Reached skill level 1 in Evocations
  2831 | D:4      | Gained mutation: You are covered in thick fur. (AC +2)
                  | [Felid growth]
  2831 | D:4      | Reached XP level 6. HP: 10/29 MP: 8/8
  3444 | D:4      | Reached XP level 7. HP: 12/32 MP: 9/9
  3444 | D:4      | Gained a life (1 life remaining)
  3493 | D:4      | Splashed by a jelly's acid
  3493 | D:4      | Lost a life (0 lives remaining)
  3567 | D:4      | Reached skill level 1 in Fighting
  3959 | D:4      | Found a shadowy altar of Dithmenos.
  4104 | D:4      | Noticed Duvessa
  4107 | D:4      | Noticed Dowan
  4108 | D:4      | Dowan changed into Dowan the human
  4108 | D:4      | Noticed Dowan
  4111 | D:4      | Duvessa changed into Duvessa the centaur
  4111 | D:4      | Noticed Duvessa
  4139 | D:4      | Killed Duvessa the centaur
  4172 | D:4      | Slain by Dowan the human

Illustrated notes

Levels and vault maps discovered:
D:1:      dpeg_arrival_tiny_c, layout_loops_ring, serial_glass, glass_columns_c,
          glass_columns_c, glass_columns_a, glass_columns_c, glass_columns_a,
          minmay_pentomino_s4
D:2:      layout_loops_ring, chequers_serial_rivers_marsh,
          uniq_crazy_yiuf_cottage
D:3:      layout_loops_ring, nrook_uturn, minmay_misc_feat_room,
          amcnicky_mini_corridor_feature, uniq_terence
D:4:      minmay_opposing_rooms, layout_basic, mainiacjoe_overflow_alcove_4,
          minmay_quadrilaterals, uniq_sigmund, uniq_ijyb, uniq_duvessa

Skill      XL: |  1  2  3  4  5  6  7 |
---------------+----------------------+-----
Stealth        | 6 7 8 |  8.8
Dodging        | 1 2 3 |  3.1
Unarmed Combat | 4 5 6 |  6.1
Evocations     | 1 2 |  2.6
Fighting       | 1 |  1.1
Spellcasting   | |  1.0
Hexes          | |  1.5
Invocations    | |  1.0

Action                     |  1- 3 |  4- 6 |  7- 9 || total
---------------------------+-------+-------+-------++-------
  Melee: Unarmed           |    76 |   127 |    65 ||   268
         Bite              |     5 |    14 |     7 ||    26
         Punch             |     2 |     3 |     1 ||     6
  Evoke: Wand              |       |    28 |     4 ||    32
    Use: Scroll            |     4 |     6 |     4 ||    14
         Potion            |     2 |     3 |       ||     5
   Stab: Sleeping          |    11 |    11 |     7 ||    29
         Distracted        |       |     1 |       ||     1
 Armour: Skin              |    21 |    39 |    21 ||    81
  Dodge: Dodged            |    45 |    69 |    54 ||   168
